%YAML 1.1
%TAG !u! tag:unity3d.com,2011:
--- !u!1 &2205402113243805277
GameObject:
  m_ObjectHideFlags: 0
  m_CorrespondingSourceObject: {fileID: 0}
  m_PrefabInstance: {fileID: 0}
  m_PrefabAsset: {fileID: 0}
  serializedVersion: 6
  m_Component:
  - component: {fileID: 183812900974263767}
  - component: {fileID: 4467260289100348636}
  - component: {fileID: 6243344218826364199}
  - component: {fileID: 1634437369408623947}
  - component: {fileID: 2424677831190191437}
  - component: {fileID: 4470515814646983620}
  m_Layer: 13
  m_Name: MidBodyPart
  m_TagString: Untagged
  m_Icon: {fileID: 0}
  m_NavMeshLayer: 0
  m_StaticEditorFlags: 0
  m_IsActive: 1
--- !u!4 &183812900974263767
Transform:
  m_ObjectHideFlags: 0
  m_CorrespondingSourceObject: {fileID: 0}
  m_PrefabInstance: {fileID: 0}
  m_PrefabAsset: {fileID: 0}
  m_GameObject: {fileID: 2205402113243805277}
  m_LocalRotation: {x: -0.7071068, y: -0, z: -0, w: 0.7071067}
  m_LocalPosition: {x: 109.28, y: -0.62, z: 53.815}
  m_LocalScale: {x: 10, y: 10, z: 10}
  m_Children:
  - {fileID: 1726488048452785180}
  - {fileID: 3375852289990787605}
  m_Father: {fileID: 0}
  m_RootOrder: 0
  m_LocalEulerAnglesHint: {x: 0, y: 0, z: 0}
--- !u!33 &4467260289100348636
MeshFilter:
  m_ObjectHideFlags: 0
  m_CorrespondingSourceObject: {fileID: 0}
  m_PrefabInstance: {fileID: 0}
  m_PrefabAsset: {fileID: 0}
  m_GameObject: {fileID: 2205402113243805277}
  m_Mesh: {fileID: -2288646774158202030, guid: 854f357450f990a4c8d1e9c285fdce8c, type: 3}
--- !u!23 &6243344218826364199
MeshRenderer:
  m_ObjectHideFlags: 0
  m_CorrespondingSourceObject: {fileID: 0}
  m_PrefabInstance: {fileID: 0}
  m_PrefabAsset: {fileID: 0}
  m_GameObject: {fileID: 2205402113243805277}
  m_Enabled: 1
  m_CastShadows: 1
  m_ReceiveShadows: 1
  m_DynamicOccludee: 1
  m_MotionVectors: 1
  m_LightProbeUsage: 1
  m_ReflectionProbeUsage: 1
  m_RayTracingMode: 2
  m_RayTraceProcedural: 0
  m_RenderingLayerMask: 1
  m_RendererPriority: 0
  m_Materials:
  - {fileID: 2100000, guid: 58fd61cf71656404fba3ed0cd858c49c, type: 2}
  m_StaticBatchInfo:
    firstSubMesh: 0
    subMeshCount: 0
  m_StaticBatchRoot: {fileID: 0}
  m_ProbeAnchor: {fileID: 0}
  m_LightProbeVolumeOverride: {fileID: 0}
  m_ScaleInLightmap: 1
  m_ReceiveGI: 1
  m_PreserveUVs: 0
  m_IgnoreNormalsForChartDetection: 0
  m_ImportantGI: 0
  m_StitchLightmapSeams: 1
  m_SelectedEditorRenderState: 3
  m_MinimumChartSize: 4
  m_AutoUVMaxDistance: 0.5
  m_AutoUVMaxAngle: 89
  m_LightmapParameters: {fileID: 0}
  m_SortingLayerID: 0
  m_SortingLayer: 0
  m_SortingOrder: 0
  m_AdditionalVertexStreams: {fileID: 0}
--- !u!65 &1634437369408623947
BoxCollider:
  m_ObjectHideFlags: 0
  m_CorrespondingSourceObject: {fileID: 0}
  m_PrefabInstance: {fileID: 0}
  m_PrefabAsset: {fileID: 0}
  m_GameObject: {fileID: 2205402113243805277}
  m_Material: {fileID: 0}
  m_IsTrigger: 0
  m_Enabled: 1
  serializedVersion: 2
  m_Size: {x: 0.119218946, y: 0.06938292, z: 0.06490755}
  m_Center: {x: -0.010351881, y: 0.0009864827, z: 0.078316994}
--- !u!54 &2424677831190191437
Rigidbody:
  m_ObjectHideFlags: 0
  m_CorrespondingSourceObject: {fileID: 0}
  m_PrefabInstance: {fileID: 0}
  m_PrefabAsset: {fileID: 0}
  m_GameObject: {fileID: 2205402113243805277}
  serializedVersion: 2
  m_Mass: 1
  m_Drag: 0
  m_AngularDrag: 0.05
  m_UseGravity: 1
  m_IsKinematic: 0
  m_Interpolate: 0
  m_Constraints: 0
  m_CollisionDetection: 0
--- !u!114 &4470515814646983620
MonoBehaviour:
  m_ObjectHideFlags: 0
  m_CorrespondingSourceObject: {fileID: 0}
  m_PrefabInstance: {fileID: 0}
  m_PrefabAsset: {fileID: 0}
  m_GameObject: {fileID: 2205402113243805277}
  m_Enabled: 1
  m_EditorHideFlags: 0
  m_Script: {fileID: 11500000, guid: 4485d519dafbfd24598e0610a694c3b0, type: 3}
  m_Name: 
  m_EditorClassIdentifier: 
  sounds: {fileID: 11400000, guid: 104c9ffb88a27eb4a85d40d9ee720fca, type: 2}
  sources: 1
  layers:
    serializedVersion: 2
    m_Bits: 4294967295
--- !u!1001 &5864293567071013107
PrefabInstance:
  m_ObjectHideFlags: 0
  serializedVersion: 2
  m_Modification:
    m_TransformParent: {fileID: 183812900974263767}
    m_Modifications:
    - target: {fileID: 702538970875843946, guid: 52c8a263ea9873c4891a5fb9886daed9, type: 3}
      propertyPath: m_Name
      value: GeneralKakerlake_Blood
      objectReference: {fileID: 0}
    - target: {fileID: 5086693004775529711, guid: 52c8a263ea9873c4891a5fb9886daed9, type: 3}
      propertyPath: m_RootOrder
      value: 0
      objectReference: {fileID: 0}
    - target: {fileID: 5086693004775529711, guid: 52c8a263ea9873c4891a5fb9886daed9, type: 3}
      propertyPath: m_LocalPosition.x
      value: 0
      objectReference: {fileID: 0}
    - target: {fileID: 5086693004775529711, guid: 52c8a263ea9873c4891a5fb9886daed9, type: 3}
      propertyPath: m_LocalPosition.y
      value: 0.0156
      objectReference: {fileID: 0}
    - target: {fileID: 5086693004775529711, guid: 52c8a263ea9873c4891a5fb9886daed9, type: 3}
      propertyPath: m_LocalPosition.z
      value: 0.0649
      objectReference: {fileID: 0}
    - target: {fileID: 5086693004775529711, guid: 52c8a263ea9873c4891a5fb9886daed9, type: 3}
      propertyPath: m_LocalRotation.w
      value: -0.39474386
      objectReference: {fileID: 0}
    - target: {fileID: 5086693004775529711, guid: 52c8a263ea9873c4891a5fb9886daed9, type: 3}
      propertyPath: m_LocalRotation.x
      value: 0.91879123
      objectReference: {fileID: 0}
    - target: {fileID: 5086693004775529711, guid: 52c8a263ea9873c4891a5fb9886daed9, type: 3}
      propertyPath: m_LocalRotation.y
      value: -0
      objectReference: {fileID: 0}
    - target: {fileID: 5086693004775529711, guid: 52c8a263ea9873c4891a5fb9886daed9, type: 3}
      propertyPath: m_LocalRotation.z
      value: -0
      objectReference: {fileID: 0}
    - target: {fileID: 5086693004775529711, guid: 52c8a263ea9873c4891a5fb9886daed9, type: 3}
      propertyPath: m_LocalEulerAnglesHint.x
      value: 226.5
      objectReference: {fileID: 0}
    - target: {fileID: 5086693004775529711, guid: 52c8a263ea9873c4891a5fb9886daed9, type: 3}
      propertyPath: m_LocalEulerAnglesHint.y
      value: 0
      objectReference: {fileID: 0}
    - target: {fileID: 5086693004775529711, guid: 52c8a263ea9873c4891a5fb9886daed9, type: 3}
      propertyPath: m_LocalEulerAnglesHint.z
      value: 0
      objectReference: {fileID: 0}
    m_RemovedComponents: []
  m_SourcePrefab: {fileID: 100100000, guid: 52c8a263ea9873c4891a5fb9886daed9, type: 3}
--- !u!4 &1726488048452785180 stripped
Transform:
  m_CorrespondingSourceObject: {fileID: 5086693004775529711, guid: 52c8a263ea9873c4891a5fb9886daed9, type: 3}
  m_PrefabInstance: {fileID: 5864293567071013107}
  m_PrefabAsset: {fileID: 0}
--- !u!1001 &7516225838443601658
PrefabInstance:
  m_ObjectHideFlags: 0
  serializedVersion: 2
  m_Modification:
    m_TransformParent: {fileID: 183812900974263767}
    m_Modifications:
    - target: {fileID: 702538970875843946, guid: 52c8a263ea9873c4891a5fb9886daed9, type: 3}
      propertyPath: m_Name
      value: GeneralKakerlake_Blood (1)
      objectReference: {fileID: 0}
    - target: {fileID: 5086693004775529711, guid: 52c8a263ea9873c4891a5fb9886daed9, type: 3}
      propertyPath: m_RootOrder
      value: 1
      objectReference: {fileID: 0}
    - target: {fileID: 5086693004775529711, guid: 52c8a263ea9873c4891a5fb9886daed9, type: 3}
      propertyPath: m_LocalPosition.x
      value: 0
      objectReference: {fileID: 0}
    - target: {fileID: 5086693004775529711, guid: 52c8a263ea9873c4891a5fb9886daed9, type: 3}
      propertyPath: m_LocalPosition.y
      value: 0.0144
      objectReference: {fileID: 0}
    - target: {fileID: 5086693004775529711, guid: 52c8a263ea9873c4891a5fb9886daed9, type: 3}
      propertyPath: m_LocalPosition.z
      value: 0.1078
      objectReference: {fileID: 0}
    - target: {fileID: 5086693004775529711, guid: 52c8a263ea9873c4891a5fb9886daed9, type: 3}
      propertyPath: m_LocalRotation.w
      value: 1
      objectReference: {fileID: 0}
    - target: {fileID: 5086693004775529711, guid: 52c8a263ea9873c4891a5fb9886daed9, type: 3}
      propertyPath: m_LocalRotation.x
      value: 0
      objectReference: {fileID: 0}
    - target: {fileID: 5086693004775529711, guid: 52c8a263ea9873c4891a5fb9886daed9, type: 3}
      propertyPath: m_LocalRotation.y
      value: 0
      objectReference: {fileID: 0}
    - target: {fileID: 5086693004775529711, guid: 52c8a263ea9873c4891a5fb9886daed9, type: 3}
      propertyPath: m_LocalRotation.z
      value: 0
      objectReference: {fileID: 0}
    - target: {fileID: 5086693004775529711, guid: 52c8a263ea9873c4891a5fb9886daed9, type: 3}
      propertyPath: m_LocalEulerAnglesHint.x
      value: 0
      objectReference: {fileID: 0}
    - target: {fileID: 5086693004775529711, guid: 52c8a263ea9873c4891a5fb9886daed9, type: 3}
      propertyPath: m_LocalEulerAnglesHint.y
      value: 0
      objectReference: {fileID: 0}
    - target: {fileID: 5086693004775529711, guid: 52c8a263ea9873c4891a5fb9886daed9, type: 3}
      propertyPath: m_LocalEulerAnglesHint.z
      value: 0
      objectReference: {fileID: 0}
    m_RemovedComponents: []
  m_SourcePrefab: {fileID: 100100000, guid: 52c8a263ea9873c4891a5fb9886daed9, type: 3}
--- !u!4 &3375852289990787605 stripped
Transform:
  m_CorrespondingSourceObject: {fileID: 5086693004775529711, guid: 52c8a263ea9873c4891a5fb9886daed9, type: 3}
  m_PrefabInstance: {fileID: 7516225838443601658}
  m_PrefabAsset: {fileID: 0}
